AoeStats
← segundogoyenecheg

Lombardia

508104878Analyzed
3v3 RM · 12d ago on Sep 20, 2026· 81m 38s· 6 players
Game mode
Random Map
Map size
Normal (6 player)
Population
200
Speed
Normal
Resources
Standard
Victory
Conquest
Starting age
Dark Age
Ending age
Imperial Age
RankedLock teamsTeams togetherTeam positionsShared explorationLock speedFull tech treeHidden civsTurbo modeCheats
Victory
Defeat
🇦🇷 Franks · Argentina
771
+15
🇦🇷 Aztecs · Argentina
764
+15
🇨🇱 Muisca · Chile
726
+17
🇦🇷 Celts · Argentina
776
-16
🇬🇧 Lithuanians · United Kingdom
749
-16
🇨🇴 Bulgarians · Colombia
726
-15
SlyScissors443
8:07 Loom
12:09 Feudal Age
12:37 Double-Bit Axe
13:24 Horse Collar
21:02 Castle Age
19:30 Stone Mining
20:14 Gold Mining
22:46 Bow Saw
23:45 Heavy Plow
24:50 Wheelbarrow
24:02 Town Watch
26:08 Treadmill Crane
27:06 Fervor
30:16 Scale Barding Armor
30:22 Forging
34:00 Chain Barding Armor
34:16 Iron Casting
37:39 Imperial Age
35:46 Hand Cart
38:19 Elite Leitis
39:21 Conscription
39:49 Plate Barding Armor
44:12 Bloodlines
44:03 Husbandry
45:43 Caravan
conchetumother
2:31 Loom
10:04 Feudal Age
10:40 Double-Bit Axe
14:47 Forging
17:46 Scale Mail Armor
22:51 Castle Age
21:47 Stone Mining
21:49 Gold Mining
23:05 Horse Collar
23:40 Husbandry
25:59 Fletching
26:58 Heavy Plow
28:43 Pikeman
36:45 Bow Saw
37:13 Bodkin Arrow
38:06 Bloodlines
41:28 Ballistics
45:14 Squires
46:04 Gambesons
50:17 Imperial Age
50:11 Stone Shaft Mining
52:05 Chemistry
53:49 Iron Casting
54:41 Murder Holes
64:52 Heavy Scorpion
67:50 Elite Konnik
segundogoyenecheg
11:17 Feudal Age
9:33 Loom
11:41 Man-at-Arms
12:50 Double-Bit Axe
20:26 Scale Mail Armor
20:17 Fletching
21:41 Forging
26:54 Castle Age
24:40 Horse Collar
26:25 Gold Mining
28:40 Wheelbarrow
28:09 Heavy Plow
29:28 Gold Shaft Mining
29:34 Gambesons
29:11 Long Swordsman
32:32 Chain Mail Armor
33:15 Pikeman
34:50 Ballistics
37:14 Hand Cart
36:59 Arson
37:39 Bow Saw
42:32 Imperial Age
40:51 Town Watch
42:03 Caravan
42:33 Coinage
43:20 Heavy Scorpion
43:25 Two-Handed Swordsman
43:28 Halberdier
45:11 Chemistry
44:24 Fortified Wall
44:47 Banking
44:28 Guilds
44:31 Stone Mining
46:08 Conscription
46:03 Furor Celtica
46:54 Iron Casting
45:59 Capped Ram
48:41 Town Patrol
50:09 Stronghold
49:45 Champion
51:21 Plate Mail Armor
50:21 Siege Ram
62:25 Blast Furnace
manu.sf
14:52 Feudal Age
15:23 Double-Bit Axe
16:27 Wheelbarrow
17:20 Gold Mining
23:06 Castle Age
23:30 Scale Barding Armor
23:35 Forging
25:05 Bow Saw
25:18 Husbandry
27:35 Hand Cart
29:45 Chain Barding Armor
30:00 Iron Casting
33:40 Gold Shaft Mining
33:28 Squires
33:15 Arson
35:49 Scale Mail Armor
36:20 #83
41:59 Imperial Age
42:45 Herbal Medicine
43:05 Town Watch
43:11 Town Watch
43:53 Town Patrol
44:11 Chain Mail Armor
44:31 Plate Barding Armor
44:57 Blast Furnace
43:57 Loom
43:38 Elite Throwing Axeman
43:56 Cavalier
45:14 Capped Ram
46:17 Conscription
45:34 Paladin
46:58 Murder Holes
48:07 Pikeman
52:19 Halberdier
53:34 Plate Mail Armor
56:29 Caravan
79:18 Spies/Treason
SherlockLopez Arg.
0:29 Loom
13:45 Feudal Age
14:19 Gold Mining
14:19 Double-Bit Axe
16:03 Wheelbarrow
15:20 Horse Collar
15:33 Stone Mining
26:16 Castle Age
27:22 Bow Saw
27:51 Gold Shaft Mining
27:21 Heavy Plow
27:01 Pikeman
27:28 Gambesons
27:43 Squires
27:29 Arson
27:49 Fletching
28:00 Padded Archer Armor
28:10 Forging
28:01 Scale Mail Armor
28:11 Caravan
34:28 Imperial Age
32:36 Fortified Wall
32:22 Murder Holes
32:08 Treadmill Crane
32:08 Eagle Warrior
33:46 Atlatl
35:11 Stone Shaft Mining
34:42 Bodkin Arrow
35:35 Conscription
36:38 Crop Rotation
36:28 Leather Archer Armor
39:44 Garland Wars
39:35 Bracer
40:10 Iron Casting
40:52 Chain Mail Armor
41:00 Elite Skirmisher
42:45 Blast Furnace
43:25 Plate Mail Armor
43:57 Chemistry
45:49 Elite Jaguar Warrior
48:01 Ballistics
48:25 Elite Eagle Warrior
56:13 Hand Cart
55:44 Town Watch
58:11 Siege Engineers
60:48 Arrowslits
72:55 Town Patrol
79:58 Spies/Treason
Carrizuwu
11:33 Feudal Age
11:55 Champi Runner
13:52 Forging
13:45 Scale Mail Armor
15:13 Loom
25:07 Castle Age
23:47 Wheelbarrow
23:13 Fletching
23:24 Padded Archer Armor
26:18 Thumb Ring
25:44 Crossbowman
29:38 Wheelbarrow
30:48 Bodkin Arrow
31:10 Leather Archer Armor
31:33 Double-Bit Axe
31:37 Horse Collar
31:49 Gold Mining
37:16 Imperial Age
36:14 Iron Casting
37:47 Hand Cart
37:20 Pikeman
39:07 Bracer
40:11 Chemistry
39:32 Ballistics
39:02 Town Watch
40:20 Squires
41:49 Arbalester
43:48 Fervor
43:56 Block Printing
44:03 Sanctity
43:56 Redemption
44:33 Siege Engineers
44:41 Masonry
46:03 Heavy Plow
46:14 Bow Saw
46:44 Gold Shaft Mining
48:08 Chain Mail Armor
47:21 Champi Warrior
50:30 Town Patrol
50:34 Elite Skirmisher
55:12 Plate Mail Armor
55:15 Illumination
55:28 Theocracy
55:19 Illumination
54:56 Devotion
54:59 Herbal Medicine
55:05 Atonement
62:11 Elite Temple Guard
62:15 Elite Champi Warrior
66:24 Faith
66:26 Heresy
73:36 Conscription
73:19 Herbalism
73:30 Huaracas
72:54 Elite Guecha Warrior
73:32 Capped Ram
73:39 Capped Ram
Connection lost

Rejoining the realm…

Still unreachable

The connection could not be restored.

Session expired

The server has moved on; the page needs a fresh start.